Map: Neon Violet Square LE

Players

Near

  • Race: Zerg Zerg
  • League: Diamond
  • Spawn Location: 11:00

Dessa - Winner!

  • Race: Zerg Zerg
  • League: Diamond
  • Spawn Location: 5:00

VOD

Have the link to the VOD?

Description

Time

  • Played on: Dec. 8, 2017, 9:34 a.m.
  • Length: 11:49
Show
View Real Time Build Order
Export as new Build Order

Near Zerg 

Build Orders: Hatch First 

Get SALT Encoding   

  12  0:01  Drone  
  13  0:13  Overlord  
  13  0:18  Drone  
  14  0:31  Drone x2  
  14  0:35  Drone  
  17  0:53  Hatchery  
  16  0:57  Extractor  
  15  1:09  Spawning Pool  
  14  1:15  Drone  
  14  1:17  Drone  
  16  1:21  Drone  
  17  1:27  Drone  
  18  1:38  Drone  
  19  1:48  Drone  
  20  2:00  Metabolic Boost  
  20  2:05  Queen  
  22  2:08  Queen  
  24  2:15  Spine Crawler  
  24  2:27  Zergling x4  
  24  2:28  Overlord  
  24  2:29  Extractor  
  25  2:52  Drone  
  26  3:03  Drone  
  27  3:09  Baneling Nest  
  27  3:10  Zergling x10  
  31  3:15  Drone  
  31  3:19  Drone  
  33  3:33  Drone x3  
  36  3:35  Overlord  
  36  3:46  Hatchery  
  34  4:01  Zergling x6  
  34  4:02  Zergling x4  
  37  4:05  Drone x2  
  37  4:06  Drone x3  
  42  4:15  Drone  
  43  4:20  Baneling x2  
  43  4:21  Baneling  
  43  4:31  Overlord  
  43  4:33  Overlord  
  43  4:38  Lair  
  43  4:44  Extractor  
  42  4:45  Drone  
  42  4:52  Drone x2  
  45  4:53  Drone  
  45  4:58  Roach Warren  
  45  5:01  Extractor, Queen  
  45  5:03  Drone x4  
  45  5:06  Drone x3  
  53  5:08  Drone  
  53  5:09  Drone  
  55  5:19  Overlord  
  55  5:26  Drone  
  55  5:27  Drone  
  57  5:29  Extractor  
  57  5:32  Drone x2  
  57  5:33  Drone  
  57  5:34  Drone x3  
  62  5:37  Glial Reconstitution  
  62  5:40  Roach x2  
  62  5:41  Roach  
  68  5:49  Drone x2  
  70  5:50  Drone x2  
  70  5:55  Hydralisk Den  
  71  6:00  Evolution Chamber  
  71  6:01  Drone x3  
  71  6:03  Evolution Chamber  
  72  6:04  Overlord  
  72  6:10  Baneling x2  
  72  6:15  Drone x2  
  72  6:17  Extractor x2  
  72  6:20  Drone x2  
  72  6:22  Overlord  
  72  6:24  Drone x3  
  78  6:25  Drone  
  78  6:28  Muscular Augments  
  78  6:36  Zerg Ground Armor Level 1, Zerg Missile Weapons Level 1  
  78  6:38  Hydralisk  
  79  6:51  Hydralisk x3  
  79  6:52  Hydralisk x2  
  89  6:58  Spore Crawler  
  89  6:59  Spore Crawler  
  89  7:01  Spore Crawler  
  86  7:02  Drone x2  
  86  7:04  Drone  
  86  7:07  Drone  
  90  7:14  Overlord x2  
  90  7:26  Spine Crawler  
  89  7:30  Spine Crawler  
  89  7:31  Drone  
  89  7:33  Drone x2  
  91  7:38  Hydralisk x5  
  91  7:39  Hydralisk  
  103  7:49  Baneling x2  
  103  7:50  Baneling x4  
  101  8:03  Roach x3  
  101  8:05  Overlord x3  
  105  8:10  Hatchery  
  104  8:19  Roach  
  106  8:21  Overlord x5  
  91  8:40  Roach  
  91  8:41  Roach x2  
  97  8:43  Roach x2  
  97  8:44  Roach x6  
  97  8:45  Roach x3  
  119  8:52  Zerg Missile Weapons Level 2  
  119  8:58  Roach x4  
  127  9:05  Zerg Ground Armor Level 2  
  127  9:10  Roach x2  
  127  9:11  Roach  
  80  9:38  Roach  
  80  9:39  Roach x4  
  80  9:40  Roach  
  80  9:41  Roach x8  
  106  9:47  Hydralisk  
  108  9:55  Hydralisk x3  
  108  9:56  Hydralisk  
  116  10:05  Hydralisk  
  116  10:06  Hydralisk x2  
  122  10:24  Drone, Lurker Den  
  122  10:27  Hatchery  
  121  10:34  Hydralisk x4  
  129  10:44  Zergling x12  
  129  10:45  Zergling x2  
  136  11:02  Infestation Pit  
  135  11:07  Drone x4  
  135  11:08  Drone x2  
  135  11:10  Zergling x2  
  135  11:11  Zergling x4  
  144  11:18  Drone x3  
Show
View Real Time Build Order
Export as new Build Order

Dessa Zerg - Winner!

Build Orders: Pool First 

Get SALT Encoding   

  12  0:01  Drone  
  13  0:13  Overlord  
  13  0:18  Drone  
  14  0:31  Drone  
  14  0:32  Drone  
  14  0:35  Drone  
  17  0:47  Spawning Pool  
  16  0:51  Drone  
  16  0:54  Extractor  
  16  0:58  Drone  
  17  1:10  Drone  
  18  1:22  Hatchery  
  18  1:24  Drone  
  18  1:30  Drone  
  19  1:39  Queen  
  21  1:47  Overlord  
  21  1:56  Metabolic Boost  
  21  1:58  Zergling x2  
  22  2:05  Drone  
  23  2:24  Drone  
  24  2:33  Queen  
  24  2:35  Drone x2  
  24  2:36  Overlord  
  28  2:41  Queen  
  30  2:48  Drone x2  
  32  2:54  Overlord  
  32  2:58  Drone  
  33  2:59  Drone  
  33  3:03  Drone  
  35  3:08  Drone  
  35  3:12  Drone  
  37  3:13  Drone  
  38  3:24  Zergling x4  
  39  3:30  Baneling Nest  
  39  3:32  Drone  
  39  3:33  Drone  
  40  3:40  Zergling x8  
  44  3:42  Spine Crawler  
  44  3:46  Queen  
  45  3:48  Queen  
  44  3:56  Zergling x6  
  46  4:08  Drone x2  
  46  4:09  Drone  
  49  4:15  Baneling x5  
  49  4:35  Drone, Extractor  
  49  4:40  Drone x3  
  49  4:44  Hatchery, Extractor, Overlord x2  
  50  4:48  Overlord  
  50  5:00  Lair  
  50  5:05  Drone x3  
  50  5:06  Drone x3  
  56  5:16  Drone x2  
  56  5:17  Evolution Chamber  
  56  5:18  Evolution Chamber  
  56  5:22  Drone  
  56  5:23  Extractor  
  56  5:24  Drone x3, Overlord  
  58  5:38  Drone  
  58  5:39  Roach Warren  
  58  5:45  Overlord  
  58  5:47  Zerg Missile Weapons Level 1  
  58  5:48  Zerg Ground Armor Level 1  
  58  5:49  Drone x2  
  60  5:50  Drone x2  
  60  5:51  Drone x2  
  60  5:52  Drone  
  60  5:57  Drone  
  66  5:58  Drone x2  
  66  6:01  Queen  
  70  6:11  Extractor  
  70  6:13  Drone x3, Extractor  
  70  6:18  Glial Reconstitution  
  71  6:19  Roach x2  
  71  6:20  Roach  
  77  6:32  Roach x6  
  89  6:45  Overlord  
  89  6:46  Overlord  
  88  6:48  Roach x2  
  88  6:49  Roach x2  
  96  6:55  Ravager  
  96  6:58  Overlord  
  97  7:03  Roach x4  
  97  7:06  Overlord  
  105  7:19  Hatchery  
  104  7:27  Ravager  
  104  7:28  Ravager x3  
  104  7:29  Ravager x4  
  116  7:30  Roach x8  
  116  7:34  Overseer  
  128  7:42  Overlord  
  128  7:45  Overlord x2  
  128  7:48  Drone  
  128  7:50  Zerg Ground Armor Level 2, Zerg Missile Weapons Level 2  
  129  8:06  Roach x2  
  129  8:07  Roach x2  
  129  8:11  Overlord  
  137  8:13  Roach x3  
  129  8:45  Roach x3  
  129  8:47  Drone x4  
  139  8:57  Roach x3  
  133  9:24  Extractor  
  133  9:27  Extractor  
  133  9:29  Roach  
  133  9:30  Roach x3  
  122  9:35  Roach x2  
  122  9:36  Roach x6  
  127  9:56  Drone x2, Overlord x2  
  129  10:05  Infestation Pit  
  128  10:11  Hydralisk Den  
  128  10:12  Drone  
  128  10:14  Drone  
  128  10:15  Drone x3  
  128  10:16  Drone x3  
  128  10:17  Drone x2  
  128  10:21  Ravager x6  
  142  10:22  Ravager, Roach x4  
  142  10:23  Roach x3, Zergling x2  
  142  10:24  Zergling x26  
  172  10:59  Overlord  
  172  11:00  Overlord  
  172  11:01  Overlord  
  172  11:02  Pneumatized Carapace  
  172  11:13  Roach  
  172  11:14  Roach  
Tags
 
Add a new tag
Caveats
  • Supply blocks, unpowered buildings, or Contaminate may cause inaccurate times.
  • Supply counts are checked every 10 seconds.